[Event "*** Titled Tuesday Blitz"]
[Site "Chess.com"]
[Date "2020.04.07"]
[Round "5"]
[White "Rud_Makarian"]
[Black "TigrVShlyape"]
[Result "1/2-1/2"]
[WhiteElo "2620"]
[BlackElo "2845"]
[TimeControl "180+1"]
[EndTime "13:56:05 PDT"]
[Termination "Game drawn by agreement"]

1. d4 g6 2. c4 Bg7 3. Nc3 b6 4. e4 Bb7 5. Nf3 d6 6. Be2 Nd7 7. Be3 e5 8. d5 Ne7 9. h4 h6 10. h5 g5 11. g4 a5 12. Nd2 c5 13. f3 O-O 14. Kf2 Nb8 15. b3 Na6 16. a3 Bc8 17. Bd3 Bd7 18. Qc2 f6 19. Rhb1 Qc7 20. Nb5 Qb8 21. Nc3 Qc7 22. Nf1 Rfc8 23. Bd2 Bf8 24.
Ne3 Qb8 25. Rb2 Rc7 26. Rab1 Rca7 27. Ne2 Qd8 28. Qd1 Rb8 29. Nc2 Rba8 30. Nc3 Nc8 31. Be3 Rb8 32. Be2 Rba8 33. Kg2 Qe8 34. Qd2 Qd8 35.
Kg3 Be7 36. Kg2 Bf8 37. b4 axb4 38. axb4 Nc7 39. b5 Ne7 40. Bd3 Qb8 41. Qc1 Ne8 42.
Ra1 Rxa1 43. Nxa1 Nc8 44. Nc2 Be7 45. Ra2 Rxa2 46. Nxa2 Qa7 47. Nc3 1/2-1/2

[Event "*** Titled Tuesday Blitz"]
[Site "Chess.com"]
[Date "2020.04.07"]
[Round "5"]
[White "Harry_Rakkel"]
[Black "Training_Day"]
[Result "0-1"]
[WhiteElo "2499"]
[BlackElo "2340"]
[TimeControl "180+1"]
[EndTime "13:56:05 PDT"]
[Termination "Training_Day won on time"]

1. d4 Nf6 2. c4 e6 3. Nc3 Bb4 4. Nf3 d5 5. cxd5 exd5 6. Bf4 Ne4 7. Qb3 Nc6 8. e3 g5 9. Bg3 h5 10. h4 Nxg3 11. fxg3 Qd6 12. Kf2 g4 13. Ne1 Bxc3 14.
Qxc3 Rh6 15. Nd3 Bf5 16. Nf4 O-O-O 17. Rc1 Kb8 18. Bd3 Ne7 19. Rc2 Qd7 20. Rhc1 Rc6 21.
Qb3 Rxc2+ 22. Rxc2 Bg6 23. Rc3 Re8 24. Bxg6 fxg6 25.
Kg1 c6 26. Kh2 Qd6 27. Qc2 Nf5 28. Qb3 Ka8 29. a4 a6 30. Qb6 Rxe3 31. Rxe3 Nxe3 32. Kg1 Nf5 33. Ne2 Nxg3 34. Nxg3 Qxg3 0-1

[Event "*** Titled Tuesday Blitz"]
[Site "Chess.com"]
[Date "2020.04.07"]
[Round "5"]
[White "AndreyNeves"]
[Black "ChesterF"]
[Result "0-1"]
[WhiteElo "2192"]
[BlackElo "2492"]
[TimeControl "180+1"]
[EndTime "13:56:05 PDT"]
[Termination "ChesterF won by resignation"]

1. d4 Nf6 2. c4 e6 3. Nf3 d5 4. Nc3 Bb4 5. e3 O-O 6. Bd3 b6 7. cxd5 exd5 8. O-O Bb7 9. a3 Bd6 10. Ne5 a6 11. b4 Re8 12. f4 c5 13. bxc5 bxc5 14. Rb1 Ra7 15. Qf3 Nc6 16. Rxb7 Rxb7 17. Nxc6 Qc7 18. Ne5 cxd4 19. Nxd5 Nxd5 20. Qxd5 dxe3 21.
Bc4 Qc5 22. Qxc5 Bxc5 23. Re1 Rb1 24. Bxf7+ Kf8 25. Bxe8 e2+ 26. Kh1 Bf2 27. Nd7+ Kg8 28. g4 Bxe1 29. Be3 Bf2+ 30. Kg2 Bxe3 31. f5 e1=Q 0-1

[Event "*** Titled Tuesday Blitz"]
[Site "Chess.com"]
[Date "2020.04.07"]
[Round "5"]
[White "mathapples"]
[Black "Sneakiest_Of_Snakes"]
[Result "1-0"]
[WhiteElo "2324"]
[BlackElo "2129"]
[TimeControl "180+1"]
[EndTime "13:56:06 PDT"]
[Termination "mathapples won on time"]

1. d4 Nf6 2. c4 g6 3. Nc3 Bg7 4. e4 d6 5. Nf3 O-O 6. Be2 e5 7. O-O Nc6 8. d5 Ne7 9. Ne1 Nd7 10. Nd3 f5 11. Bd2 Nf6 12. f3 f4 13. Rc1 g5 14.
c5 Ng6 15. cxd6 cxd6 16. Nb5 Rf7 17. Nf2 Bf8 18. Qc2 Ne8 19. a4 h5 20. Nxa7 Bd7 21. Nb5 Bc8 22. Qb3 Rg7 23. Na3 Nh4 24. Nc4 g4 25. fxg4 hxg4 26. Nb6 Rb8 27. Nxc8 Rxc8 28. Ba5 Qd7 29. Rxc8 Qxc8 30. Qc3 Qd7 31. Bb5 Qe7 32.
Qc8 Nf6 33. Bd8 Qf7 34. Bxf6 Qxf6 35. Bd7 g3 36. Be6+ Kh8 37. Ng4 gxh2+ 38. Kxh2 Qe7 39. Rh1 Rh7 40. Kg1 Qg7 41. Qd8 f3 42. Rxh4 1-0

[Event "*** Titled Tuesday Blitz"]
[Site "Chess.com"]
[Date "2020.04.07"]
[Round "5"]
[White "florianschwabeneder"]
[Black "fmshawnrl123"]
[Result "0-1"]
[WhiteElo "2521"]
[BlackElo "2731"]
[TimeControl "180+1"]
[EndTime "13:56:07 PDT"]
[Termination "fmshawnrl123 won on time"]

1. e4 c6 2. d4 d5 3. exd5 cxd5 4. Nf3 Nc6 5. Bb5 Bg4 6. c4 Nf6 7. Qa4 Bxf3 8. gxf3 e6 9. Nc3 Rc8 10. Rg1 a6 11.
Bxc6+ Rxc6 12. cxd5 Nxd5 13. Be3 b5 14. Qb3 Nxe3 15.
fxe3 Qh4+ 16. Kd2 Qxh2+ 17. Ne2 Qd6 18. a3 h5 19. Rac1 h4 20. Rxc6 Qxc6 21. Rc1 Qd7 22. Qd3 h3 23. Qe4 Be7 24. Rh1 h2 25. Qe5 Rh7 26. Nf4 g5 27. Nd3 Qd6 28. Qe4 f5 29.
Qa8+ Bd8 30. Ne5 f4 31. Qe4 fxe3+ 32. Kxe3 Rh6 33. Qg4 Bb6 34. Qe4 Kf8 35. Ng4 Rh4 0-1

[Event "*** Titled Tuesday Blitz"]
[Site "Chess.com"]
[Date "2020.04.07"]
[Round "5"]
[White "Sebastian"]
[Black "Shtembuliak"]
[Result "1-0"]
[WhiteElo "3026"]
[BlackElo "2859"]
[TimeControl "180+1"]
[EndTime "13:56:08 PDT"]
[Termination "Sebastian won by resignation"]

1. d4 g6 2. e4 d6 3. Nc3 Bg7 4.
Be3 a6 5. g4 b5 6. Bg2 Bb7 7. h4 Nf6 8. h5 gxh5 9. g5 Ng4 10. Bc1 e5 11. d5 f6 12. Rxh5 Bc8 13. Bh3 Nxf2 14. Kxf2 O-O 15. Kg2 Qe8 16. Bxc8 Qxc8 17.
Be3 Nd7 18. Qg4 Rf7 19. g6 hxg6 20. Qxg6 Nf8 21. Qf5 Qxf5 22. Rxf5 Ng6 23. Rh5 Ne7 24.
Rf1 Raf8 25. a3 f5 26. Bg5 Ng6 27. Rh3 Nf4+ 28. Bxf4 exf4 29. Rxf4 fxe4 30. Rxf7 Rxf7 31. Nge2 Be5 32. Re3 Rg7+ 33. Kf1 Rg4 34. b3 Rh4 35. Rxe4 Rh1+ 36. Kf2 Ra1 37. a4 Kf7 38. axb5 axb5 39. Nxb5 Ra2 40. Rc4 1-0

[Event "*** Titled Tuesday Blitz"]
[Site "Chess.com"]
[Date "2020.04.07"]
[Round "5"]
[White "JacekDubiel"]
[Black "floplover"]
[Result "0-1"]
[WhiteElo "2396"]
[BlackElo "2259"]
[TimeControl "180+1"]
[EndTime "13:56:08 PDT"]
[Termination "floplover won by resignation"]

1. e4 c6 2. d4 d5 3. e5 Bf5 4. h4 h5 5. c4 e6 6. Nc3 Nd7 7. Nge2 dxc4 8. Ng3 Ne7 9. Bg5 Qb6 10. Qd2 c5 11.
dxc5 Nxc5 12. Bxc4 a6 13. O-O Bg4 14. Nce4 Nf5 15. Qf4 Nxg3 16. Nxg3 Nd7 17. Kh2 g6 18. f3 Bf5 19. Rad1 Bc5 20. Ne4 Bxe4 21. fxe4 Rf8 22. Bh6 O-O-O 23. Bxf8 Rxf8 24. Bb3 Bd4 25. Qf6 Bxe5+ 26. Qxe5 Nxe5 27. Rc1+ Kb8 28. Rfd1 Ng4+ 29. Kg3 Qf2+ 30. Kh3 Qf4 31. g3 Qf2 32. Rc2 Qf3 33. Rc3 Qxe4 34. Rf1 Rc8 35. Bc2 Qxc2 36. Rxc2 Rxc2 0-1

[Event "*** Titled Tuesday Blitz"]
[Site "Chess.com"]
[Date "2020.04.07"]
[Round "5"]
[White "Mikromurks"]
[Black "letantha"]
[Result "1-0"]
[WhiteElo "2328"]
[BlackElo "2133"]
[TimeControl "180+1"]
[EndTime "13:56:08 PDT"]
[Termination "Mikromurks won on time"]

1. d4 Nf6 2. Bg5 d5 3. Nd2 e6 4.
e3 Be7 5. Bd3 O-O 6. f4 Nbd7 7.
Ngf3 c5 8. c3 b6 9. O-O Bb7 10.
Ne5 Ne4 11. Bxe7 Qxe7 12. Qc2 f5 13. Ndf3 Ndf6 14. a4 a5 15. Rac1 Nd6 16. Rfe1 Ba6 17. Bxa6 Rxa6 18. c4 Nde4 19. cxd5 Nxd5 20. dxc5 bxc5 21.
Nc4 h6 22. Nfe5 Rb8 23. Nd3 Qf6 24. Nce5 Rc8 25. b3 Ra7 26. Nb2 Rb7 27. Nbc4 Ra7 28. Nd2 Qd8 29. Nxe4 fxe4 30. Qxe4 Qf6 31. Qc4 Rac7 32.
g3 Nb4 33. Rcd1 Re8 34. Rd6 Rce7 35. Qxc5 Qf5 36. Qc4 Nc2 37. e4 Qxe5 38. fxe5 Nxe1 39. Qe2 1-0

[Event "*** Titled Tuesday Blitz"]
[Site "Chess.com"]
[Date "2020.04.07"]
[Round "5"]
[White "Lony7"]
[Black "Gabrielian_Artur"]
[Result "0-1"]
[WhiteElo "2435"]
[BlackElo "2730"]
[TimeControl "180+1"]
[EndTime "13:56:09 PDT"]
[Termination "Gabrielian_Artur won by resignation"]

1. e4 c5 2. Nf3 d6 3. Bb5+ Nd7 4. Ba4 Nf6 5. O-O a6 6. c4 e6 7.
Nc3 Be7 8. d4 cxd4 9. Qxd4 O-O 10. Rd1 Qc7 11. Bxd7 Bxd7 12. Bf4 e5 13. Nxe5 dxe5 14.
Bxe5 Qa5 15. Bxf6 Bxf6 16. Qxd7 Bxc3 17. bxc3 Qxc3 18. Qxb7 Qxc4 19. Qd5 Qa4 20. Rd4 Qc2 21. Rad1 h6 22. g3 a5 23. a4 Ra6 24. Rc4 Qe2 25.
Rd2 Qe1+ 26. Kg2 Rf6 27. Rc5 Re8 28. f3 h5 29. Rxa5 h4 30. Ra7 h3+ 31. Kxh3 Qf1+ 32. Kh4 Qxf3 0-1

[Event "*** Titled Tuesday Blitz"]
[Site "Chess.com"]
[Date "2020.04.07"]
[Round "5"]
[White "Eltarolo"]
[Black "Bambi2006"]
[Result "0-1"]
[WhiteElo "2323"]
[BlackElo "2492"]
[TimeControl "180+1"]
[EndTime "13:56:09 PDT"]
[Termination "Bambi2006 won by resignation"]

1. e4 c5 2. Nf3 Nc6 3. Bb5 g6 4.
Bxc6 dxc6 5. O-O Bg7 6. h3 e5 7. d3 Qc7 8. Be3 b6 9. Nc3 Ne7 10. Nh2 h6 11. f4 Be6 12. fxe5 Qxe5 13. Ng4 Bxg4 14. Qxg4 f5 15. Qf3 O-O 16. Bf4 Qd4+ 17. Be3 Qe5 18. Bf4 Qd4+ 19. Be3 Qd7 20. Qg3 Kh7 21. Rae1 Rae8 22. Qh4 f4 23. Bxf4 g5 24. Bxg5 Ng6 25. Qh5 Re5 26. h4 Nf4 27. Rxf4 Rxf4 28.
Ne2 Rf8 29. Ng3 Kg8 30. Re3 hxg5 31. hxg5 Qd4 32. Qe2 Qxb2 33. Nf5 Rfxf5 34. exf5 Rxe3 35.
Qxe3 Bd4 0-1

[Event "*** Titled Tuesday Blitz"]
[Site "Chess.com"]
[Date "2020.04.07"]
[Round "5"]
[White "lachesisQ"]
[Black "Arman_Hakemi"]
[Result "1-0"]
[WhiteElo "3141"]
[BlackElo "2602"]
[TimeControl "180+1"]
[EndTime "13:56:10 PDT"]
[Termination "lachesisQ won by resignation"]

1. e4 c6 2. Nf3 d5 3. d3 dxe4 4.
dxe4 Qxd1+ 5. Kxd1 Bg4 6. Be2 Nd7 7. Nfd2 Bxe2+ 8. Kxe2 e6 9. a4 Ngf6 10. f3 Bd6 11. Nc4 Bc7 12. a5 a6 13. Be3 O-O 14. Nbd2 Ne5 15. c3 Rfd8 16. Nxe5 Bxe5 17. Nc4 Bc7 18.
g3 Rd7 19. Rhd1 Rad8 20. Rxd7 Rxd7 21. Ra3 Ne8 22. e5 f6 23. exf6 gxf6 24. Rb3 Nd6 25. Nxd6 Bxd6 26. c4 Kf7 27. f4 h5 28. Kf3 Bf8 29.
g4 hxg4+ 30. Kxg4 e5 31. f5 Be7 32. h4 Bd8 33. Ra3 Rd1 34. h5 Rh1 35. h6 Kg8 36. Rb3 Re1 37. Kf3 Rf1+ 38. Ke4 Bxa5 39. Rxb7 Rh1 40. b4 Rh4+ 41. Kd3 e4+ 42. Kd4 1-0

[Event "*** Titled Tuesday Blitz"]
[Site "Chess.com"]
[Date "2020.04.07"]
[Round "5"]
[White "DryCounty"]
[Black "sandromareco"]
[Result "0-1"]
[WhiteElo "2596"]
[BlackElo "2892"]
[TimeControl "180+1"]
[EndTime "13:56:10 PDT"]
[Termination "sandromareco won by resignation"]

1. e4 e5 2. Nf3 Nc6 3. d4 exd4 4. Bc4 Nf6 5. e5 d5 6. Bb5 Nd7 7. O-O Be7 8. Bxc6 bxc6 9. Nxd4 Nb8 10. c4 O-O 11. Nc3 c5 12. Nb3 Ba6 13. Qxd5 c6 14.
Qe4 Nd7 15. Be3 Qc7 16. Bf4 Nb6 17. Na5 Rac8 18. Rad1 Nd5 19. cxd5 Qxa5 20. d6 Bd8 21. Rfe1 Rb8 22. e6 Rb4 23. exf7+ Rxf7 24. Qe8+ Rf8 25. Qe6+ Kh8 26. Be5 Bc4 27. Qd7 Bf7 28. Ne4 Qxa2 29. Bc3 Rb5 30. Nxc5 Rxc5 31. Qg4 Rxc3 32. bxc3 Bb3 33.
Qd4 Bxd1 34. Rxd1 Bb6 35. Qd2 Bxf2+ 36. Kh1 Qxd2 37. Rxd2 Bb6 38. d7 Kg8 39. g3 Rd8 40. Kg2 Kf7 41. Kf3 Ke7 42. Ke4 Rxd7 0-1

[Event "*** Titled Tuesday Blitz"]
[Site "Chess.com"]
[Date "2020.04.07"]
[Round "5"]
[White "ChessicallyInclined"]
[Black "anesar92"]
[Result "0-1"]
[WhiteElo "2530"]
[BlackElo "2731"]
[TimeControl "180+1"]
[EndTime "13:56:10 PDT"]
[Termination "anesar92 won by resignation"]

1. d4 Nf6 2. c4 e6 3. Nc3 Bb4 4. e3 O-O 5. Ne2 Re8 6. a3 Bf8 7. Ng3 a5 8. Be2 Na6 9. O-O d6 10. Rb1 e5 11. b4 exd4 12. exd4 axb4 13. axb4 c6 14. d5 Nc7 15. Bf3 cxd5 16. cxd5 Bd7 17. Qd3 g6 18. Rd1 Bg7 19. Bf4 Ra3 20. Bxd6 Rxc3 21.
Qxc3 Nb5 22. Qd3 Nxd6 23. b5 h5 24. Rb4 Qb6 25. h3 Qc5 26. Qb3 Bxb5 27. Rb1 Bc4 28. Qc2 b5 29. Nf1 Nfe4 30. Bxe4 Nxe4 31. Ne3 Nxf2 32. Qxf2 Rxe3 33. Kh1 Bd4 34. Qf4 Be5 35. Qh4 Qd4 36. Qd8+ Kg7 37. d6 Qf4 38. Kg1 Qh2+ 39.
Kf2 Re2+ 0-1

[Event "*** Titled Tuesday Blitz"]
[Site "Chess.com"]
[Date "2020.04.07"]
[Round "5"]
[White "AEMEffi"]
[Black "flomarechot"]
[Result "1-0"]
[WhiteElo "2348"]
[BlackElo "2177"]
[TimeControl "180+1"]
[EndTime "13:56:10 PDT"]
[Termination "AEMEffi won by resignation"]

1. d4 Nf6 2. c4 c5 3. d5 b5 4. Nd2 g6 5. e4 d6 6. Ngf3 Bg7 7.
cxb5 a6 8. a4 O-O 9. Ra3 axb5 10. Bxb5 Ba6 11. O-O Ne8 12. Nc4 Nc7 13. Bxa6 Ncxa6 14. e5 dxe5 15. Nfxe5 Nb4 16. Be3 Nxd5 17.
Bxc5 Qc7 18. Qxd5 Na6 19. Bb6 Qc8 20. Qc6 Qb8 21. Qb5 Qb7 22. a5 Rfc8 23. Rd3 Rc5 24. Qd7 Qxd7 25. Rxd7 Bxe5 26. Bxc5 Nxc5 27. Rxe7 Bf6 28.
Rc7 Ne6 29. Rb7 Nc5 30. Rb5 Nd3 31. Nb6 Ra6 32. Nc4 Rc6 33. Ne3 Nxb2 34. Rb6 Rc5 35. Rxf6 Rxa5 36. h4 h5 37. Rb6 Nd3 38. Rd1 Ne5 39. Rd5 Ra1+ 40. Kh2 Nc4 41. Nxc4 1-0

[Event "*** Titled Tuesday Blitz"]
[Site "Chess.com"]
[Date "2020.04.07"]
[Round "5"]
[White "Shahinyan_ChessMood"]
[Black "GOGIEFF"]
[Result "0-1"]
[WhiteElo "2675"]
[BlackElo "2947"]
[TimeControl "180+1"]
[EndTime "13:56:11 PDT"]
[Termination "GOGIEFF won by resignation"]

1. e4 c5 2. Nc3 Nc6 3. g3 g6 4.
Bg2 Bg7 5. d3 Rb8 6. Be3 d6 7.
Qd2 b5 8. Nge2 b4 9. Nd1 e6 10. O-O Nge7 11. Bh6 O-O 12. Bxg7 Kxg7 13. Ne3 a5 14. f4 f5 15. exf5 gxf5 16. Rae1 d5 17. d4 Qb6 18. dxc5 Qxc5 19. Kh1 Ba6 20. Rf2 d4 21.
Nd1 Ng6 22. Nc1 e5 23. fxe5 Ncxe5 24. Nb3 Qc7 25. Nxd4 Qb6 26. Nxf5+ Kh8 27. Qh6 Rf7 28. Nde3 Rbf8 29. Rf4 Bb7 30. Nd5 Qc5 31. Rxe5 Nxe5 32. Qe6 Ng6 33. Rf1 Qxc2 34. h4 Rxf5 35. Rxf5 Qxf5 36. Qxf5 Rxf5 37. Ne3 Bxg2+ 38. Kxg2 0-1

[Event "*** Titled Tuesday Blitz"]
[Site "Chess.com"]
[Date "2020.04.07"]
[Round "5"]
[White "vinniethepooh"]
[Black "Rsnr"]
[Result "0-1"]
[WhiteElo "2622"]
[BlackElo "2818"]
[TimeControl "180+1"]
[EndTime "13:56:12 PDT"]
[Termination "Rsnr won by resignation"]

1. d4 Nf6 2. c4 e6 3. Nc3 Bb4 4.
f3 O-O 5. a3 Bxc3+ 6. bxc3 Nc6 7. e4 d6 8. Bd3 b6 9. Ne2 Na5 10. Bg5 h6 11. Bh4 Ba6 12. f4 Bxc4 13. Bxc4 Nxc4 14.
Qd3 d5 15. e5 g5 16. fxg5 Nh7 17. O-O hxg5 18. Bg3 f5 19. exf6 Rxf6 20. Rxf6 Qxf6 21. Rf1 Qg7 22. Qf3 c6 23. Qg4 Re8 24. Qh5 Rf8 25. Rxf8+ Kxf8 26. h4 Nf6 27. Qf3 Ke7 28. hxg5 Qxg5 29.
Nf4 Qg4 30. Bh4 Qxf3 31. gxf3 Kf7 32. Nd3 Nd7 33. a4 e5 34. dxe5 Ndxe5 35. Nb4 Nxf3+ 36. Kf2 Nxh4 37. Nxc6 a5 38. Nd4 Ng6 39. Nb5 Ke6 40. Nc7+ Kd6 41. Ne8+ Kc5 0-1

[Event "*** Titled Tuesday Blitz"]
[Site "Chess.com"]
[Date "2020.04.07"]
[Round "5"]
[White "AlphaZ3r0"]
[Black "LADIESGET2KNOWME"]
[Result "0-1"]
[WhiteElo "2252"]
[BlackElo "2448"]
[TimeControl "180+1"]
[EndTime "13:56:12 PDT"]
[Termination "LADIESGET2KNOWME won on time"]

1. Nf3 g6 2. c4 Bg7 3. Nc3 f5 4. d4 Nf6 5. g3 O-O 6. Bg2 d6 7.
O-O Nc6 8. d5 Ne5 9. Nxe5 dxe5 10.
e4 f4 11. gxf4 exf4 12. e5 Ng4 13. e6 Ne5 14. b3 f3 15. Bh3 Nxc4 16. bxc4 Bxc3 17.
Bh6 Bxa1 18. Qxa1 Rf6 19. Bg5 Rf8 20. Qc3 Qd6 21. Bg4 b6 22. Bxf3 Ba6 23. Be4 Rf4 24.
Bh6 Rf6 25. Kh1 Raf8 26. f4 Qc5 27. Bd3 Bb7 28. Qe5 b5 29. Bxf8 Kxf8 30. f5 bxc4 31. Be4 c3 32. Rc1 gxf5 33. Rxc3 Qf2 34. Bg2 Qb2 0-1

[Event "*** Titled Tuesday Blitz"]
[Site "Chess.com"]
[Date "2020.04.07"]
[Round "5"]
[White "SahajGrover"]
[Black "mishanick"]
[Result "1-0"]
[WhiteElo "2671"]
[BlackElo "2994"]
[TimeControl "180+1"]
[EndTime "13:56:13 PDT"]
[Termination "SahajGrover won by resignation"]

1. e4 c5 2. Nf3 d6 3. d4 cxd4 4. Nxd4 Nf6 5. Nc3 a6 6. Bc4 e6 7.
Bb3 Nbd7 8. Bg5 Nc5 9. Qf3 Be7 10. O-O-O Qc7 11. Rhe1 Bd7 12. Kb1 Rb8 13. Qg3 b5 14.
Nf5 exf5 15. exf5 Bc6 16. Bxf6 gxf6 17. Bd5 Kf8 18. Qe3 Rb7 19. Qh6+ Ke8 20. Qxf6 Rf8 21. Rxe7+ Qxe7 22. Bxc6+ Kd8 23. Rxd6+ Rd7 24. Bxd7 Qxf6 25. Rxf6 Kxd7 26. b4 Nb7 27. Rxa6 Nd6 28. f3 Re8 29. Ne4 Nxe4 30. fxe4 Rxe4 31. a3 Re2 32. Ra7+ Ke8 33. Rb7 Rxg2 34. Rxb5 Rxh2 35. a4 h5 36. a5 Rd2 37. a6 Rd7 38. Rb8+ Ke7 39. Rb7 h4 40. Rxd7+ Kxd7 41. a7 Kc7 42. a8=Q 1-0

[Event "*** Titled Tuesday Blitz"]
[Site "Chess.com"]
[Date "2020.04.07"]
[Round "5"]
[White "AliKa2810"]
[Black "GMHess"]
[Result "1-0"]
[WhiteElo "2615"]
[BlackElo "2756"]
[TimeControl "180+1"]
[EndTime "13:56:13 PDT"]
[Termination "AliKa2810 won by resignation"]

1. d4 g6 2. e4 Bg7 3. Nc3 a6 4. Be3 e6 5. Bd3 b5 6. h4 h6 7. e5 d6 8. Nf3 Bb7 9. Ne4 Ne7 10. h5 g5 11. Nfxg5 hxg5 12. Bxg5 dxe5 13. h6 Bxe4 14. Bxe4 c6 15. Rh3 Bf8 16. Qf3 f5 17. dxe5 Qa5+ 18. Bd2 Qc7 19. O-O-O Nd7 20. Qh5+ Kd8 21.
Bf3 Nd5 22. Bxd5 cxd5 23. Qf7 Qc6 24. Rc3 Bc5 25. b4 Kc7 26. Be3 Kb7 27. Rxc5 Raf8 28.
Qg7 Qxc5 29. Bxc5 Kc6 30. Bxf8 Rxf8 31. h7 Rc8 32. h8=Q Rxh8 33. Qxh8 Nb6 34. Qe8+ 1-0

[Event "*** Titled Tuesday Blitz"]
[Site "Chess.com"]
[Date "2020.04.07"]
[Round "5"]
[White "platy3"]
[Black "serhanberat_ozdemir"]
[Result "1-0"]
[WhiteElo "2795"]
[BlackElo "2467"]
[TimeControl "180+1"]
[EndTime "13:56:13 PDT"]
[Termination "platy3 won by resignation"]

1. c4 Nf6 2. Nf3 g6 3. Nc3 Bg7 4. e4 d6 5. d4 O-O 6. h3 c5 7. d5 e6 8. Bd3 exd5 9. exd5 Nbd7 10.
O-O h6 11. Bf4 Ne8 12. Qd2 Kh7 13. Rfe1 f5 14. Bh2 a6 15. Re2 Rb8 16. Rae1 Ndf6 17.
Re7 Kg8 18. Bf4 g5 19. Nxg5 h5 20. R7e2 b5 21. Ne6 Bxe6 22. dxe6 Ne4 23. Bxe4 fxe4 24.
Rxe4 Bxc3 25. Qxc3 Qf6 26. Qxf6 Rxf6 27. cxb5 Rxb5 28.
b3 d5 29. Ra4 c4 30. Bg5 Rg6 31. h4 Rb6 32. bxc4 Rgxe6 33. Rxe6 Rxe6 34. cxd5 Re1+ 35.
Kh2 Rd1 36. Rxa6 Rxd5 37. Rh6 Ng7 38. Bf6 Kf7 39. Bxg7 Kxg7 40. Ra6 Rd2 41. f3 Rd3 42. a4 Rd4 43. a5 Rxh4+ 44. Kg3 Rb4 45. Kh3 Kh7 46.
g3 Kg7 47. f4 Rb1 48. Kh4 Rh1+ 49. Kg5 Rg1 50. Ra7+ Kg8 51. a6 Rxg3+ 52. Kxh5 Ra3 53.
Kg5 Ra4 54. Kf5 Ra5+ 55. Ke6 Ra4 56. f5 Re4+ 57. Kd5 Ra4 58. Kc5 Ra5+ 59. Kb6 Rxf5 60. Rc7 Rf6+ 61. Rc6 Rf1 62. a7 Rb1+ 63. Kc7 Ra1 64.
Kb7 Rb1+ 65. Rb6 Ra1 66. a8=Q+ Rxa8 67. Kxa8 1-0

[Event "*** Titled Tuesday Blitz"]
[Site "Chess.com"]
[Date "2020.04.07"]
[Round "5"]
[White "GHANDEEVAM2003"]
[Black "Nikolakis2014"]
[Result "1-0"]
[WhiteElo "2972"]
[BlackElo "2701"]
[TimeControl "180+1"]
[EndTime "13:56:14 PDT"]
[Termination "GHANDEEVAM2003 won by resignation"]

1. e4 c5 2. Nf3 Nc6 3. d4 cxd4 4. Nxd4 e5 5. Nb5 d6 6. c4 Be7 7. N1c3 a6 8. Na3 f5 9. exf5 Bxf5 10. Bd3 Be6 11.
O-O Nf6 12. Nc2 O-O 13. Bg5 Qd7 14. Ne3 Rae8 15. Qd2 Bd8 16. Rad1 Kh8 17. Kh1 Nd4 18. b3 Ba5 19. Qb2 Bb6 20. Bxf6 gxf6 21. Ncd5 Ba7 22. f4 f5 23. g3 Qg7 24. Qg2 b5 25. cxb5 axb5 26. a4 bxa4 27. bxa4 Bc5 28. a5 Rb8 29. a6 Rb3 30. Bc4 Ra3 31. Ra1 Rxa1 32. Rxa1 exf4 33.
gxf4 Qa7 34. Nc3 Rg8 35. Qb7 Bxc4 36. Nxc4 Ne6 37. Nd5 Qa8 38. Ne7 Bd4 39. Nxg8 Qxg8 40. Rf1 Nxf4 41. a7 d5 42. a8=Q 1-0

[Event "*** Titled Tuesday Blitz"]
[Site "Chess.com"]
[Date "2020.04.07"]
[Round "5"]
[White "stoleriu"]
[Black "2L8IWUN"]
[Result "0-1"]
[WhiteElo "2538"]
[BlackElo "2371"]
[TimeControl "180+1"]
[EndTime "13:56:14 PDT"]
[Termination "2L8IWUN won by resignation"]

1. e4 c5 2. Nc3 Nc6 3. Bb5 Nd4 4. Bc4 e6 5. Nge2 b5 6. Nxb5 Nxb5 7. Bxb5 Nf6 8. Nc3 Bb7 9. d3 a6 10. Ba4 Be7 11. O-O O-O 12. Re1 d5 13. Bg5 dxe4 14. dxe4 Qc7 15. Qf3 Nxe4 16. Bxe7 Nxc3 17. Qxc3 Qxe7 18.
Rad1 Rfd8 19. f3 Rxd1 20. Rxd1 Bd5 21. Qe3 Rd8 22. h3 h6 23. b3 c4 24. Qd2 Rc8 25.
Kh1 Qc5 26. Qf4 cxb3 27. cxb3 Qf2 28. Qd2 Rc2 29. Qxf2 Rxf2 30. a3 Rxf3 31. Rc1 Rxh3+ 32. Kg1 Rg3 33. Rc2 Bxb3 0-1

[Event "*** Titled Tuesday Blitz"]
[Site "Chess.com"]
[Date "2020.04.07"]
[Round "5"]
[White "Keaton87"]
[Black "Noam_Vitenberg"]
[Result "0-1"]
[WhiteElo "2613"]
[BlackElo "2442"]
[TimeControl "180+1"]
[EndTime "13:56:15 PDT"]
[Termination "Noam_Vitenberg won by resignation"]

1. d4 Nf6 2. Bg5 g6 3. Bxf6 exf6 4. e3 Bg7 5. g3 O-O 6. Bg2 f5 7. Ne2 Re8 8. O-O d6 9. c4 Nd7 10. Nbc3 c6 11. b4 Nb6 12. Qb3 Be6 13. d5 cxd5 14.
cxd5 Bd7 15. a4 Rc8 16. a5 Nc4 17. Rfd1 Nxe3 18. fxe3 Rxe3 19. Rac1 Qc7 20. Nb5 Qxc1 21. Nxc1 Rxb3 22. Nxd6 Rxb4 23. Nxc8 Bxc8 24. Nd3 Rd4 25. Kf1 Bd7 26. Kf2 Bb5 27. Nb2 Rxd1 28. Nxd1 Bd4+ 29. Kf3 Ba4 30. Ne3 Bxe3 31. Kxe3 Kf8 32. Kd4 Ke7 33. Kc5 Kd7 34. Bf1 b6+ 35. Kb4 Bd1 36.
a6 Kd6 37. Bc4 Bf3 38. Bf1 Bxd5 39. Kc3 Bc6 40. Kd4 b5 41. Bd3 b4 42. Bc4 Kc7 43. Kc5 Bd7 44. Kxb4 Be6 45. Bd3 Kb6 46. Kc3 Bc8 47. Kd4 Bxa6 48. Bc2 Bc8 49. Bb3 Be6 50. Ba4 a5 51. Be8 Kc7 52. Ke5 Kd8 53. Ba4 Ke7 54. h4 f6+ 55. Kd4 Bd7 56. Bc2 a4 57.
Kc5 a3 58. Bb3 Be6 0-1

[Event "*** Titled Tuesday Blitz"]
[Site "Chess.com"]
[Date "2020.04.07"]
[Round "5"]
[White "SHIVACalypso"]
[Black "m-garcett"]
[Result "1-0"]
[WhiteElo "2215"]
[BlackElo "1897"]
[TimeControl "180+1"]
[EndTime "13:56:16 PDT"]
[Termination "SHIVACalypso won by resignation"]

1. Nf3 Nf6 2. c4 g6 3. g3 Bg7 4.
Bg2 d6 5. O-O O-O 6. Nc3 e5 7.
d3 Nc6 8. Rb1 Ne7 9. b4 h6 10.
a4 Kh7 11. Nd2 Ne8 12. b5 f5 13. a5 a6 14. bxa6 Rxa6 15. Bxb7 Bxb7 16. Rxb7 Rxa5 17. Qb3 f4 18. Bb2 Qd7 19. Nde4 fxg3 20. hxg3 Qh3 21. Nb5 Rf5 22. f3 Nf6 23. Nbc3 d5 24. cxd5 Nexd5 25. Kf2 Nxe4+ 26. Nxe4 Qh2+ 27. Ke1 Ne3 28. Rxc7 Nxf1 29.
Kxf1 Qh1+ 30. Kf2 Qh2+ 31. Ke1 Qg1+ 32. Kd2 Ra8 33. Rxg7+ Kxg7 34. Qb7+ Rf7 35. Qxa8 Qb6 36. Bxe5+ 1-0

[Event "*** Titled Tuesday Blitz"]
[Site "Chess.com"]
[Date "2020.04.07"]
[Round "5"]
[White "Teidi96"]
[Black "poliplaza"]
[Result "0-1"]
[WhiteElo "2212"]
[BlackElo "2366"]
[TimeControl "180+1"]
[EndTime "13:56:17 PDT"]
[Termination "poliplaza won on time"]

1. d4 c5 2. e3 Nf6 3. Nf3 e6 4. c4 cxd4 5. exd4 d5 6. Nc3 Nc6 7. cxd5 Nxd5 8. Bd3 Be7 9. O-O O-O 10. Re1 b6 11. a3 Bb7 12. Bc2 Rc8 13. Qd3 g6 14. Bh6 Re8 15. Rad1 Nxc3 16. bxc3 Bxa3 17. Ba4 Bf8 18.
Bxf8 Rxf8 19. c4 Na5 20. Ne5 Qd6 21. Re3 Rfd8 22. Rh3 Ba6 23. Qf3 Rc7 24. Qe3 Nxc4 25. Qh6 Nxe5 26. Qxh7+ Kf8 27. Qh8+ Ke7 28. Qxe5 Qxe5 29.
dxe5 Rxd1+ 30. Bxd1 Rc1 31. f4 Rxd1+ 32. Kf2 Rd2+ 0-1

[Event "*** Titled Tuesday Blitz"]
[Site "Chess.com"]
[Date "2020.04.07"]
[Round "5"]
[White "Volodar_Murzin"]
[Black "stolencandy13"]
[Result "1-0"]
[WhiteElo "2686"]
[BlackElo "2437"]
[TimeControl "180+1"]
[EndTime "13:56:18 PDT"]
[Termination "Volodar_Murzin won by resignation"]

1. e4 c6 2. Nf3 d5 3. Nc3 Bg4 4.
h3 Bxf3 5. Qxf3 e6 6. g3 Nf6 7. Bg2 Nbd7 8. O-O g6 9. d3 Bg7 10. Qe2 dxe4 11. dxe4 O-O 12. Be3 Qc7 13. Rad1 Rad8 14.
a3 Nb6 15. Rxd8 Rxd8 16. Rd1 Rxd1+ 17. Nxd1 Nfd7 18. b3 Qd6 19. a4 c5 20. a5 Nc8 21. f4 Bd4 22. e5 Qc7 23. Qd2 Bxe3+ 24. Nxe3 b6 25. a6 b5 26. Bb7 Ndb6 27. Ng4 h5 28. Nf6+ Kf8 29. Kf2 c4 30. b4 c3 31. Qd4 Ne7 32. g4 hxg4 33. hxg4 Nc6 34. Qc5+ Qe7 35. Bxc6 Qxc5+ 36. bxc5 Na4 37. Bxb5 Nxc5 38.
Ke3 Ke7 39. Ne4 1-0